 Dungeon Crawl Stone Soup version 0.25-a0-578-gc91f01c (webtiles) character file.

Game seed: 14846522432041476828, levelgen mode: deterministic

101 Faels the Slasher (level 4, 0/52 HPs)
             Began as a Demonspawn Fighter on Mar 4, 2020.
             Succumbed to an adder's poison
             ... on level 2 of the Dungeon.
             The game lasted 00:05:00 (1839 turns).

Faels the Slasher (Demonspawn Fighter)              Turns: 1839, Time: 00:05:01

Health: 0/52       AC: 22    Str: 16    XL:     4   Next: 48%
Magic:  4/4        EV:  2    Int:  9    God:
Gold:   79         SH:  8    Dex: 14    Spells: 3/3 levels left

rFire    . . .     SeeInvis .   a - +0 long sword
rCold    . . .     Gourm    .   c - +0 kite shield
rNeg     + + +     Faith    .   (armour currently unavailable)
rPois    +         Spirit   .   (helmet currently unavailable)
rElec    .         Reflect  .   (cloak currently unavailable)
rCorr    .         Harm     .   (gloves currently unavailable)
MR       .....     NoTele   +   (boots currently unavailable)
Stlth    +.........             (no amulet)
HPRegen  0.17/turn              (no ring)
MPRegen  0.09/turn              (no ring)

@: mighty, lethally poisoned (0 -> -4), tree-form
A: no striking features
a: no special abilities


You were on level 2 of the Dungeon.
You were not hungry.
You were a tree.
You visited 1 branch of the dungeon, and saw 2 of its levels.

You collected 79 gold pieces.

Inventory:

Hand Weapons
 a - a +0 long sword (weapon)
Armour
 b - a +0 scale mail (melded)
 c - a +0 kite shield (worn)
Scrolls
 j - a scroll of immolation {unknown}
 k - 4 scrolls of teleportation {unknown}
 l - a scroll of enchant weapon {unknown}
 m - 2 scrolls of remove curse {unknown}
 o - 2 scrolls of identify {unknown}
Potions
 g - a potion of invisibility {unknown}
 h - a potion of magic {unknown}
 i - a potion of ambrosia {unknown}
 n - a potion of heal wounds {unknown}
Comestibles
 f - 5 rations


   Skills:
 - Level 3.0 Fighting
 * Level 4.1 Long Blades
 - Level 2.6 Armour
 - Level 1.0 Dodging
 - Level 2.6 Shields


You had 3 spell levels left.
You didn't know any spells.
Your spell library was empty.

Dungeon Overview and Level Annotations

Branches:
Dungeon (2/15)

Altars:
Ashenzari
Cheibriados
The Shining One


Innate Abilities, Weirdness & Mutations

((Your flesh is heat resistant. (rF+)))


Message History

* * * LOW HITPOINT WARNING * * *
You are lethally poisoned!
The adder poisons you! The leopard gecko bites you.
* * * LOW HITPOINT WARNING * * *
You block the adder's attack.
It was a potion of lignification.
You turn into a tree.
Your +0 scale mail melds into your body.
Your roots penetrate the ground.
* * * LOW HITPOINT WARNING * * *
You feel sick.
The leopard gecko bites you but does no damage.
You block the adder's attack.
You slash the adder!
You kill the adder!
* * * LOW HITPOINT WARNING * * *
You feel sick. You block the leopard gecko's attack.
The leopard gecko bites you but does no damage.
You slash the leopard gecko!
You kill the leopard gecko!
You die...

##########
#........ ###
#....#.####.
##.####...........
##..............##.
####
#....♣†........>#
...#
##....†.........#
##.#
##.####..........
#.# #.#
#...#.#.#### #.#
#.# #...#.#.# #.#
#.# #####.#.# #.#
#.# +# #.# ##.##
##.# #...#


There were no monsters in sight!

Vanquished Creatures
  A worker ant (D:2)
  3 adders (D:2)
  A worm (D:2)
  A dart slug (D:2)
  2 leopard geckos (D:2)
  5 bats
  A giant cockroach (D:1)
  9 goblins
  2 hobgoblins
  4 jackals (D:1)
  2 quokkas (D:2)
  A frilled lizard (D:2)
  5 kobolds
  3 rats
40 creatures vanquished.

Notes
Turn   | Place    | Note
-------+----------+-------------------------------------------
     0 | D:1      | Faels the Demonspawn Fighter began the quest for the Orb.
     0 | D:1      | Reached XP level 1. HP: 18/18 MP: 1/1
    41 | D:1      | Reached skill level 2 in Long Blades
   107 | D:1      | Gained mutation: Your flesh is heat resistant. (rF+)
                  | [demonic ancestry]
   107 | D:1      | Reached XP level 2. HP: 24/24 MP: 2/2
   553 | D:1      | Reached skill level 3 in Long Blades
   714 | D:2      | Reached XP level 3. HP: 19/29 MP: 3/3
  1236 | D:2      | Reached XP level 4. HP: 21/35 MP: 4/4
  1365 | D:2      | Reached skill level 1 in Dodging
  1602 | D:2      | Found a snail-covered altar of Cheibriados.
  1603 | D:2      | Found a glowing golden altar of the Shining One.
  1619 | D:2      | Reached skill level 4 in Long Blades
  1620 | D:2      | Found a shattered altar of Ashenzari.
  1837 | D:2      | HP: 2/52 [poisoned by an adder]
  1839 | D:2      | Succumbed to an adder's poison

Levels and vault maps discovered:
D:1:      lightli_arrival_quake, layout_basic, serial_forest,
          infiniplex_forest_clump_long, infiniplex_forest_join,
          infiniplex_forest_clump_tiny, infiniplex_forest_straight_3,
          infiniplex_forest_diagonal, infiniplex_forest_lined_room_,
          infiniplex_forest_straight_4, bh_walls_and_bars
D:2:      layout_loops_corners, chequers_temple_overflow_statue_of_worship

Skill      XL: |  1  2  3  4 |
---------------+-------------+-----
Long Blades    | 2 3 4 |  4.1
Dodging        | 1 |  1.0
Fighting       | |  3.0
Armour         | |  2.6
Shields        | |  2.6

Action                   |  1- 3 |  4- 6 || total
-------------------------+-------+-------++-------
Melee: Long sword        |    91 |    43 ||   134
  Use: Potion            |       |     2 ||     2
  Eat: Chunk             |     1 |     2 ||     3
Armor: Scale mail        |    49 |    28 ||    77
       Skin              |       |     2 ||     2
Dodge: Dodged            |    29 |    17 ||    46
Block: Kite shield       |    36 |    24 ||    60
       Rpst.: Long sword |    13 |     6 ||    19

Table legend:
 A = Non-vault XP
 B = Vault XP
 C = Vault XP percentage of total XP
 D = Non-vault monster count
 E = Vault monster count
 F = Vault count percentage of total count
                 A         B        C        D         E       F
            +---------+---------+-------+---------+---------+-------
      Total |     145 |       0 |   0.0 |      40 |       0 |   0.0
            +---------+---------+-------+---------+---------+-------
        D:1 |      31 |       0 |   0.0 |      17 |       0 |   0.0
        D:2 |     114 |       0 |   0.0 |      23 |       0 |   0.0
            +---------+---------+-------+---------+---------+-------
